 Dungeon Crawl Stone Soup version 0.31-a0-210-gccc998df9b (webtiles) character file.

Game seed: 3280057247946272953

60 qw the Shooter (level 3, -1/29 HPs)
             Began as a Minotaur Hexslinger on June 29, 2023.
             Slain by Natasha (8 damage)
             ... on level 2 of the Dungeon.
             The game lasted 00:00:23 (800 turns).

qw the Shooter (Minotaur Hexslinger)                 Turns: 800, Time: 00:00:23

Health: -1/29      AC:  2    Str: 12    XL:     3   Next: 80%
Magic:  3/3        EV: 12    Int: 10    God:
Gold:   123        SH:  0    Dex: 14    Spells: 3/4 levels left

rFire   . . .        Y - +1 sling
rCold   . . .        (no shield)
rNeg    . . .        c - +0 robe
rPois   .            (helmet restricted)
rElec   .            (no cloak)
rCorr   .            (no gloves)
SInv    .            (no boots)
Will    .....        (no amulet)
Stlth   +            (no ring)
HPRegen 0.24/turn    (no ring)
MPRegen 0.08/turn

%: no passive effects
@: no status effects
A: horns 2, retaliatory headbutt
a: no special abilities


You were on level 2 of the Dungeon.
You visited 1 branch of the dungeon, and saw 2 of its levels.

You collected 123 gold pieces.


Innate Abilities, Weirdness & Mutations

You have a pair of horns on your head.
You reflexively headbutt those who attack you in melee.


   Skills:
 - Level 2.0 Fighting
 + Level 4.4 Ranged Weapons
 - Level 2.1 Dodging
 - Level 1.0 Spellcasting
 - Level 2.0 Hexes


You had 3 spell levels left.
You knew the following spells:

 Your Spells              Type           Power      Damage    Failure   Level
a - Slow                  Hex            16%        N/A       16%         1

Your spell library contained the following spells:

 Spells                   Type           Power      Damage    Failure   Level
 Inner Flame              Hex/Fire       2%         N/A       56%         3
 Portal Projectile        Hex/Tloc       4%         N/A       56%         3
 Cause Fear               Hex            2%         N/A       83%         4

Inventory:

Hand Weapons
 Y - a +1 sling (weapon)
Armour
 b - a +1 hat
 c - a +0 robe (worn)
Potions
 a - a potion of haste {unknown}
 d - a potion of attraction {unknown}
 e - a potion of lignification {unknown}

Dungeon Overview and Level Annotations

Branches:
Dungeon (2/15)

Altars:

Annotations:
D:2 Natasha


Message History

Enter note:
Enter note:
Found a scroll of poison.
Enter note:
Enter note: You see here a scroll of poison.
Natasha, Servant of Life and Death comes into view.
Natasha moves out of view.
Enter note:
Enter note:
Enter note:
Enter note: You shoot a sling bullet.
Natasha hisses angrily.
The sling bullet hits Natasha.
Natasha is heavily wounded.
You shoot a sling bullet. The sling bullet barely misses Natasha.
You shoot a sling bullet. The sling bullet misses Natasha.
Natasha casts a spell at you. The magic dart hits you!
You shoot a sling bullet. The sling bullet hits Natasha.
Natasha is severely wounded.
Natasha stares at you and mumbles some strange words.
The magic dart hits you.
You shoot a sling bullet.
The sling bullet hits Natasha but does no damage.
Natasha is severely wounded.
Natasha claws you.
You shoot a sling bullet.
The sling bullet closely misses Natasha.
Natasha casts a spell.
You shoot a sling bullet. The sling bullet barely misses Natasha.
Natasha mumbles some strange words.
The cerulean imp hits you with a +2 spear.
Natasha claws you.
You shoot a sling bullet. The sling bullet hits Natasha.
Natasha is almost dead.
The cerulean imp completely misses you. You furiously retaliate!
You headbutt the cerulean imp! Natasha claws you!
You die...

#.# #.# #.##
#..#.##
#####.###.###
#....## ##..#
###.###.#.#
###.#5#.5#.##.#
......h@#.###.#
###.#.#.#.# #.#
...#.#.. #.#
.... #.###.#.#
##... #.# ....
.... #.# #..
###. ... .. #.#
.#


You could see Natasha and 2 cerulean imps.

Vanquished Creatures
  Natasha (D:2)
  An adder (D:2)
  3 endoplasms
  A goblin (D:2)
  3 hobgoblins (D:1)
  3 kobolds
  4 quokkas
  4 ball pythons
  2 frilled lizards (D:1)
  3 rats
25 creatures vanquished.

Notes
Turn   | Place    | Note
-------+----------+-------------------------------------------
     0 | D:1      | qw the Minotaur Hexslinger began the quest for the Orb.
     0 | D:1      | Reached XP level 1. HP: 16/16 MP: 1/1
     0 | D:1      | 0 ||| qw: Version: 0.3-a-24-g62f9e04
     0 | D:1      | 0 ||| qw: Game counter: 6698
     0 | D:1      | 0 ||| qw: Melee chars always use a shield: true
     0 | D:1      | 0 ||| qw: God list: Okawaru
     0 | D:1      | 0 ||| qw: Allow faded altars: false
     0 | D:1      | 0 ||| qw: Do Orc after clearing Dungeon:15 true
     0 | D:1      | 0 ||| qw: Do second Lair branch before Depths: true
     0 | D:1      | 0 ||| qw: Lair rune preference: random
     0 | D:1      | 0 ||| qw: Goals: Normal
     0 | D:1      | 0 ||| PLANNING D:1-11
   167 | D:1      | Reached skill level 3 in Ranged Weapons
   167 | D:1      | Reached XP level 2. HP: 23/23 MP: 2/2
   440 | D:1      | 440 ||| READING scroll labelled TYCAME DUEBB.
   441 | D:1      | 441 ||| READING scroll labelled HUDERUTZAT.
   442 | D:1      | 442 ||| READING scroll labelled WIACVI ZAQOEH.
   443 | D:1      | 443 ||| READING scroll labelled XOSMUT CEYMUE.
   444 | D:1      | 444 ||| DROPPING scroll of poison.
   530 | D:2      | Reached XP level 3. HP: 29/29 MP: 3/3
   596 | D:2      | Found a faded altar of an unknown god.
   697 | D:2      | Noticed Natasha
   705 | D:2      | Killed Natasha
   706 | D:2      | Reached skill level 4 in Ranged Weapons
   788 | D:2      | Noticed Natasha
   799 | D:2      | HP: 7/29 [Natasha (4)]
   800 | D:2      | Slain by Natasha

Levels and vault maps discovered:
D:1:      wander_arrival_peaceful_grave, layout_rooms
D:2:      cheibrodos_greedy_goblins, layout_loops_ring,
          hellmonk_ecumenical_altar_heavens_door, kennysheep_cross_room,
          uniq_natasha

Skill      XL: |  1  2  3 |
---------------+----------+-----
Ranged Weapons | 3 4 |  4.4
Fighting       | 2 |  2.0
Dodging        | |  2.1
Spellcasting   | |  1.0
Hexes          | |  2.0

Action                     || total
---------------------------++-------
   Fire: Sling             ||    97
    Use: Scroll            ||     4
 Armour: Robe              ||     5
  Dodge: Dodged            ||    20

Table legend:
 A = Non-vault XP
 B = Vault XP
 C = Vault XP percentage of total XP
 D = Non-vault monster count
 E = Vault monster count
 F = Vault count percentage of total count
                 A         B        C        D         E       F
            +---------+---------+-------+---------+---------+-------
      Total |      51 |      35 |  40.7 |      24 |       1 |   4.0
            +---------+---------+-------+---------+---------+-------
        D:1 |      25 |       0 |   0.0 |      15 |       0 |   0.0
        D:2 |      26 |      35 |  57.4 |       9 |       1 |  10.0
            +---------+---------+-------+---------+---------+-------
